 Dungeon Crawl Stone Soup version 0.18.1-48-g4cf74bf (webtiles) character file.

2870 Joat the Conjurer (level 9, -1/73 HPs)
             Began as a Purple Draconian Conjurer on Aug 18, 2016.
             Was a Priest of Sif Muna.
             Slain by a centaur (3 damage)
             ... on level 6 of the Dungeon on Aug 19, 2016.
             The game lasted 01:02:25 (11631 turns).

Joat the Conjurer (Purple Draconian Conjurer)      Turns: 11631, Time: 01:02:25

Health: -1/73      AC: 10    Str:  9 (10) XL:     9   Next: 47%
Magic:  19/19      EV: 14    Int: 18 (20) God:    Sif Muna [***...]
Gold:   181        SH:  0    Dex: 12 (14) Spells: 3 memorised, 11 levels left

rFire  . . .     SeeInvis .     y - +2 flail (distort)
rCold  . . .     Gourm    .     (armour unavailable)
rNeg   + . .     Faith    .     (no shield)
rPois  .         Spirit   .     (helmet restricted)
rElec  .         Dismiss  .     D - +0 cloak
rCorr  .         Reflect  .     v - +1 pair of gloves {Dex+3}
SustAt .         Harm     .     (no boots)
MR     +....                    (no amulet)
Stlth  ++........               (no ring)
                                o - ring of positive energy

@: exhausted, slowed, very slow, somewhat resistant to hostile enchantments,
unstealthy
A: breathe power, unfitting armour, talons 1, cold-blooded, AC +7
a: Breathe Dispelling Energy, Channel Energy, Renounce Religion


You were on level 6 of the Dungeon.
You worshipped Sif Muna.
Sif Muna was most pleased with you.
You were very hungry.

You visited 1 branch of the dungeon, and saw 6 of its levels.

You collected 346 gold pieces.
You spent 165 gold pieces at shops.

Inventory:

Hand Weapons
 d - a +0 whip
 t - a +0 blowgun
 y - a +2 flail of distortion (weapon)
Missiles
 u - 31 poisoned needles
Armour
 c - a +0 large shield
 v - a +1 pair of gloves of dexterity (worn)
 C - a +0 cloak
 D - a +0 cloak (worn)
Jewellery
 o - a ring of positive energy (left hand)
Wands
 w - a wand of digging (15/24)
Scrolls
 e - a scroll of random uselessness
 f - 3 scrolls of remove curse
 n - a scroll of immolation {unknown}
 p - a scroll of blinking {unknown}
 x - a scroll of recharging {unknown}
 z - a scroll of enchant armour {unknown}
Potions
 i - a potion of berserk rage
 j - 2 potions of resistance
 l - 2 potions of magic
 m - 2 potions of degeneration
 q - 2 potions of agility {unknown}
 r - a potion of might {unknown}
 s - 2 potions of curing {unknown}
 A - a potion of invisibility {unknown}
Books
 a - a book of Conjurations

   Spells                             Type                      Level
   a - Magic Dart                     Conjuration                  1
   b - Searing Ray                    Conjuration                  2
   c - Dazzling Spray                 Conjuration/Hexes            3
   d - Fulminant Prism                Conjuration/Hexes            4
   e - Iskenderun's Mystic Blast      Conjuration                  4
   f - Iskenderun's Battlesphere      Conjuration/Charms           5
Comestibles
 b - 5 bread rations
 g - 3 fruits
 h - 2 slices of pizza
 k - a meat ration
 B - 4 chunks of flesh


   Skills:
 + Level 4.9 Fighting
 + Level 1.1 Maces & Flails
 + Level 5.2 Dodging
 - Level 1.7 Stealth
 - Level 0.8 Unarmed Combat
 + Level 6.7 Spellcasting
 + Level 7.6 Conjurations
 * Level 7.0 Charms


You had 11 spell levels left.
You knew the following spells:

 Your Spells              Type           Power        Failure   Level  Hunger
a - Magic Dart            Conj           ####         1%          1    None
w - Iskenderun's Battles  Conj/Chrm      ####....     17%         5    #####..
z - Iskenderun's Mystic   Conj           ####....     6%          4    ####...


Dungeon Overview and Level Annotations

Branches:
Dungeon (6/15)             Temple (0/1) D:4

Altars:
Cheibriados
Elyvilon
Sif Muna

Shops:
D:5 [[:}


Innate Abilities, Weirdness & Mutations

You can breathe bolts of dispelling energy.
Your rich purple scales are hard (AC +7).
Your body does not fit into most forms of armour.
You are cold-blooded and may be slowed by cold attacks.
You have sharp toenails.


Message History

You see here 3 arrows.
You feel your anger subside.
The centaur shoots an arrow.
The arrow misses you.
You are no longer berserk.
You are exhausted.
You feel yourself slow down.
You are feeling very hungry.
The centaur shoots an arrow.
The arrow hits you but does no damage.
You see here an arrow.
Drink which item? (? for menu, Esc to quit)
It was a potion of magic.
Magic courses through your body.
The centaur shoots an arrow.
The arrow hits you.
* * * LOW HITPOINT WARNING * * *
Drink which item? (? for menu, Esc to quit)
It was a potion of degeneration.
There was something very wrong with that liquid.
You feel weakened.
You feel dopey.
You feel clumsy.
The centaur unwields an uncursed shortbow.
The centaur misses you. The centaur hits you.
You die...

........### ....)...[.#
#. ...
.......##...........
....)#)########....
....##.# .#.#.#
#..###.# ...#.# ..##
#.#########).#.#
#.####)#)....#..c...#
................@...##
..รท##........[.......#
##...................#
####...........(...$#
#....>.......(.%.#
.............((...# #
...................#
##..................##
.#...........#.....##


You could see a centaur.

Vanquished Creatures
  Sigmund (D:6)
  Menkaure (D:4)
  Edmund (D:6)
  An orc warrior (D:6)
  A sky beast (D:5)
  2 ice beasts (D:6)
  3 ogres
  4 centaurs
  4 big kobolds
  2 giant frogs (D:5)
  A howler monkey (D:5)
  3 wights (D:6)
  2 crimson imps (D:5)
  A giant frog zombie (D:5)
  A jelly (D:5)
  An orc priest (D:4)
  2 hounds (D:6)
  2 giant frog skeletons
  6 orc wizards
  Ijyb (D:2)
  Natasha (thrice) (D:4)
  3 worker ants
  13 adders
  8 gnolls (D:3)
  An adder skeleton (D:4)
  2 worms
  2 dart slugs
  4 giant geckos
  17 orcs
  2 giant cockroaches
  42 goblins
  27 hobgoblins
  5 quokkas
  4 ball pythons
  13 bats
  9 giant newts
  A jackal zombie (D:5)
  11 kobolds
  12 rats
219 creatures vanquished.

Notes
Turn   | Place    | Note
--------------------------------------------------------------
     0 | D:1      | Joat the Draconian Conjurer began the quest for the Orb.
     0 | D:1      | Reached XP level 1. HP: 14/14 MP: 3/3
   563 | D:1      | Reached XP level 2. HP: 22/22 MP: 0/5
  1594 | D:1      | Reached XP level 3. HP: 12/27 MP: 0/6
  1767 | D:2      | Reached skill level 1 in Fighting
  2003 | D:2      | Found a faded altar to an unknown god.
  2015 | D:2      | Reached XP level 4. HP: 27/36 MP: 0/7
  2359 | D:2      | Found a deep blue altar of Sif Muna.
  2366 | D:2      | Became a worshipper of Sif Muna the Loreminder
  2504 | D:2      | Learned a level 4 spell: Iskenderun's Mystic Blast
  2749 | D:2      | Noticed Ijyb
  3060 | D:2      | Killed Ijyb
  3060 | D:2      | Reached XP level 5. HP: 37/42 MP: 0/8
  3065 | D:2      | Gained mutation: You have sharp toenails. [potion of beneficial mutation]
  3137 | D:2      | Reached skill level 5 in Conjurations
  4006 | D:3      | Reached XP level 6. HP: 44/51 MP: 0/10
  5527 | D:3      | Reached * piety under Sif Muna
  5820 | D:2      | Your scales start taking on a rich purple colour.
  5820 | D:2      | Reached XP level 7. HP: 18/57 MP: 0/13
  5839 | D:2      | Learned a level 5 spell: Iskenderun's Battlesphere
  6072 | D:3      | Reached skill level 1 in Charms
  6936 | D:4      | Noticed a rust devil
  7050 | D:4      | Noticed Natasha
  7070 | D:4      | Killed Natasha
  7148 | D:4      | Noticed Natasha
  7222 | D:4      | Killed Natasha
  7426 | D:4      | Noticed Natasha
  7444 | D:4      | Killed Natasha
  7905 | D:4      | Found a staircase to the Ecumenical Temple.
  7949 | D:4      | Noticed Menkaure
  7956 | D:4      | Noticed an angel
  7976 | D:4      | Killed Menkaure
  8398 | D:4      | Found a white marble altar of Elyvilon.
  8893 | D:4      | Reached ** piety under Sif Muna
  8893 | D:4      | Reached skill level 5 in Spellcasting
  8893 | D:4      | Reached XP level 8. HP: 63/63 MP: 7/15
  8945 | D:5      | Entered Level 5 of the Dungeon
  9135 | D:5      | Found Ecitoq's Book Boutique.
  9140 | D:5      | Found Ycwy Ewo's Gadget Shoppe.
  9438 | D:5      | Found a snail-covered altar of Cheibriados.
  9477 | D:5      | Reached skill level 5 in Charms
  9847 | D:5      | Found Jaromum's Antique Armour Shoppe.
  9850 | D:5      | Found Qihupiu's Gadget Emporium.
  9882 | D:5      | Found Sainn's Armour Shoppe.
  9890 | D:5      | Bought a +1 pair of gloves of dexterity for 165 gold pieces
 10502 | D:6      | Reached *** piety under Sif Muna
 10502 | D:6      | Reached XP level 9. HP: 58/71 MP: 5/18
 10588 | D:6      | Noticed Sigmund
 10609 | D:6      | Killed Sigmund
 10688 | D:6      | Reached skill level 5 in Dodging
 11028 | D:6      | Noticed Edmund
 11332 | D:6      | Killed Edmund
 11604 | D:6      | Reached skill level 1 in Maces & Flails
 11626 | D:6      | HP: 3/109 [centaur/arrow (4)]
 11631 | D:6      | Slain by a centaur

Skill      XL: |  1  2  3  4  5  6  7  8  9 |
---------------+----------------------------+-----
Dodging        | 2 3 4 5 |  5.2
Fighting       | 1 2 3 4 |  4.9
Conjurations   | 5 6 7 |  7.6
Spellcasting   | 4 5 6 |  6.7
Charms         | 3 6 7 |  7.0
Maces & Flails | 1 |  1.1
Stealth        | |  1.7
Unarmed Combat | |  0.8

Action                   |  1- 3 |  4- 6 |  7- 9 || total
-------------------------+-------+-------+-------++-------
Melee: Unarmed           |    22 |       |       ||    22
       Whip              |    40 |    53 |    67 ||   160
       Tailslap          |     2 |     6 |     7 ||    15
       Kick              |       |     3 |    15 ||    18
       Punch             |       |       |     1 ||     1
       Flail             |       |       |    23 ||    23
 Cast: Magic Dart        |    84 |   239 |   371 ||   694
       Iskenderun's Myst |       |     6 |    20 ||    26
       Iskenderun's Batt |       |       |     2 ||     2
  Use: Potion            |       |     1 |     4 ||     5
       Scroll            |       |       |     4 ||     4
  Eat: Chunk             |     3 |    14 |    18 ||    35
       Pizza             |     1 |       |       ||     1
       Beef jerky        |       |       |     2 ||     2
       Royal jelly       |       |       |     1 ||     1
Armor: Skin              |    27 |    61 |    60 ||   148
Dodge: Dodged            |    57 |   136 |   156 ||   349
